 Dungeon Crawl Stone Soup version 0.31-a0-1074-g0b22e4e0f1 (webtiles) character file.

Game seed: 15793871042500905145

30 DApurpleWHUMPUS the Firebug (level 3, 0/31 HPs)
             Began as an Ogre Fire Elementalist on Dec 4, 2023.
             Slain by a cerulean imp
             ... wielding a +2 spear
             ... summoned by Natasha
              (1 damage)
             ... on level 2 of the Dungeon.
             The game lasted 00:02:19 (1036 turns).

DApurpleWHUMPUS the Firebug (OgFE)                  Turns: 1036, Time: 00:02:20

Health: 0/31       AC:  3    Str: 12    XL:     3   Next: 18%
Magic:  2/7        EV:  9    Int: 18    God:
Gold:   1168       SH:  0    Dex:  9    Spells: 7/8 levels left

rFire   . . .        (no weapon)
rCold   . . .        (no shield)
rNeg    . . .        a - +0 robe
rPois   .            (helmet restricted)
rElec   .            (no cloak)
rCorr   .            (gloves unavailable)
SInv    .            (boots unavailable)
Will    .....        (no amulet)
Stlth   +            (no ring)
HPRegen 0.25/turn    (no ring)
MPRegen 0.10/turn

%: no passive effects
@: mighty, lethally poisoned (0 -> -4), very slightly contaminated
A: large, unfitting armour, tough skin 1
a: no special abilities


You were on level 2 of the Dungeon.
You visited 1 branch of the dungeon, and saw 2 of its levels.

You collected 1168 gold pieces.

Inventory:

Armour
 a - a +0 robe (worn)
Scrolls
 c - a scroll of fear {unknown}
 f - a scroll of immolation {unknown}
 g - a scroll of enchant weapon {unknown}
 h - a scroll of blinking {unknown}
 i - 2 scrolls of identify {unknown}
Potions
 b - a potion of magic
 e - a potion of brilliance {unknown}


   Skills:
 - Level 1.7 Dodging
 - Level 1.4 Stealth
 + Level 3.1 Spellcasting
 + Level 1.6 Conjurations
 + Level 3.1 Fire Magic


You had 7 spell levels left.
You knew the following spells:

 Your Spells              Type           Power      Damage    Failure   Level
a - Foxfire               Conj/Fire      44%        2x1d6     6%          1

Your spell library contained the following spells:

 Spells                   Type           Power      Damage    Failure   Level
 Scorch                   Fire           28%        2d6       7%          2
 Inner Flame              Hex/Fire       8%         N/A       26%         3
 Volatile Blastmotes      Fire/Tloc      16%        2d11      26%         3
 Flame Wave               Conj/Fire      11%        2d6       52%         4


Dungeon Overview and Level Annotations

Branches:
Dungeon (2/15)

Altars:

Shops:
D:1 ?

Annotations:
D:2 Natasha


Innate Abilities, Weirdness & Mutations

You are too large for most types of armour.
You have tough skin. (AC +1)


Message History

The ball python bites you. The cerulean imp closely misses you.
Natasha claws you. The adder bites you.
You are poisoned.
The adder poisons you! The ball python bites you.
There is not enough space to conjure foxfire!
Okay, then.
You barely miss Natasha.
Natasha is heavily wounded.
You feel sick.
The foxfire hits Natasha.
Natasha is severely wounded.
The cerulean imp hits you but does no damage.
The adder bites you.
You are more poisoned.
The adder poisons you!
Natasha mumbles some strange words.
The ball python closely misses you.
You barely miss Natasha.
Natasha is severely wounded.
You feel very sick. The adder bites you but does no damage.
The cerulean imp closely misses you. The ball python barely misses you.
Natasha claws you!
The cerulean imp hits you from afar with a +2 spear.
* * * LOW HITPOINT WARNING * * *
You hit Natasha but do no damage.
Natasha is severely wounded.
You feel sick. The adder closely misses you. The ball python barely misses you.
The cerulean imp hits you from afar with a +3 spear.
* * * LOW HITPOINT WARNING * * *
Natasha barely misses you. The adder misses you.
The cerulean imp closely misses you.
It was a potion of might.
You feel very mighty all of a sudden.
* * * LOW HITPOINT WARNING * * *
You feel sick.
The ball python bites you but does no damage.
The cerulean imp closely misses you. The adder bites you.
* * * LOW HITPOINT WARNING * * *
Natasha casts a spell.
The cerulean imp hits you from afar with a +2 spear.
You die...

#....## #.#
#.#.##### .#.#
# #.....###.#.#
#.###.#......
#.# #.#)#.#.###
#.###.#.# ....
#.......###5#
#..........5h.#
######.....5S@#
#..#####S# #..#
.... #..#
....?# #...
...(....
#.......)<..##
..........
##.......###


You could see Natasha, 3 cerulean imps, an adder and a ball python.

Vanquished Creatures
  A worm (D:2)
  2 dart slugs (D:1)
  3 ball pythons
  2 endoplasms (D:1)
  A giant cockroach (D:1)
  A goblin (D:1)
  2 hobgoblins (D:1)
  3 kobolds
  A quokka (D:1)
  2 bats (D:1)
  4 rats
22 creatures vanquished.

Vanquished Creatures (others)
  73 foxfires
73 creatures vanquished.

Grand Total: 95 creatures vanquished

Notes
Turn   | Place    | Note
-------+----------+-------------------------------------------
     0 | D:1      | DApurpleWHUMPUS the Ogre Fire Elementalist began the quest
                  | for the Orb.
     0 | D:1      | Reached XP level 1. HP: 16/16 MP: 3/3
    85 | D:1      | Reached skill level 1 in Conjurations
   248 | D:1      | Reached XP level 2. HP: 24/24 MP: 2/5
   302 | D:1      | Found Doxtot's Magic Scroll Emporium.
   337 | D:1      | Identified a scroll of acquirement
   337 | D:1      | Acquired 1131 gold pieces
   936 | D:2      | Reached XP level 3. HP: 31/31 MP: 3/7
  1024 | D:2      | Noticed Natasha
  1036 | D:2      | HP: 1/31 [adder (4)]
  1036 | D:2      | Slain by a cerulean imp

Illustrated notes

Levels and vault maps discovered:
D:1:      mrwooster_arrival_statue, layout_rooms, serial_shops, shop
D:2:      layout_loops_ring, uniq_natasha, uniq_jessica

Skill      XL: |  1  2 |
---------------+-------+-----
Conjurations   | 1 |  1.6
Fire Magic     | 3 |  3.1
Spellcasting   | 3 |  3.1
Dodging        | |  1.7
Stealth        | |  1.4

Action                     || total
---------------------------++-------
  Melee: Unarmed           ||     5
   Cast: Foxfire           ||    55
    Use: Scroll            ||     2
         Potion            ||     1
 Armour: Robe              ||    34
  Dodge: Dodged            ||    22

Table legend: (Time is in decaauts)
 A = Elapsed time spent in this place.
 B = Non-inter-level travel time spent in this place.
 C = Inter-level travel time spent in this place.
 D = Time resting spent in this place.
 E = Time spent auto-exploring this place.
 F = Levels seen in this place.
 G = Mean time per level.
                   A        B        C        D        E       F      G
               +--------+--------+--------+--------+--------+-----+--------+
         Total |   1035 |   1021 |     14 |     20 |    780 |   2 |  517.5 |
       Dungeon |   1035 |   1021 |     14 |     20 |    780 |   2 |  517.5 |
               +--------+--------+--------+--------+--------+-----+--------+

Top non-repeatable levels by time:
     D:1: 928 daAuts
     D:2: 107 daAuts
